 Dungeon Crawl Stone Soup version 0.32-a0-643-ga006e7742e (webtiles) character file.

Game seed: 9101032220756498659

25417 ragingrage the Carver (level 13, -8/91 HPs)
             Began as a Formicid Air Elementalist on Mar 7, 2024.
             Was a High Priest of Cheibriados.
             Killed from afar by a starcursed mass (11 damage)
             ... with an accursed screaming
             ... on level 2 of the Abyss.
             The game lasted 00:23:49 (13908 turns).

ragingrage the Carver (Formicid Air Elementalist)  Turns: 13908, Time: 00:23:49

Health: -8/91      AC: 11    Str: 28 (29) XL:     13   Next: 50%
Magic:  0/20       EV: 21    Int: 26 (28) God:    Cheibriados [*****.]
Gold:   723        SH:  0    Dex: 29 (32) Spells: 4/16 levels left

rFire   + . .        b - +0 scimitar (flame)
rCold   . . .        (no shield)
rNeg    . . .        M - +2 leather armour {rF+}
rPois   .            (helmet unavailable)
rElec   .            d - +0 cloak
rCorr   .            H - +1 pair of gloves
SInv    +            n - +2 pair of boots
Will    +....        e - amulet of guardian spirit
Stlth   ++++         G - +4 ring of slaying
HPRegen 0.35/turn    C - +5 ring of evasion
MPRegen 0.17/turn

%: guardian spirit
@: attractive, very slow
A: permanent stasis, dig shafts and tunnels, antennae 3, four strong arms
a: Dig, Shaft Self, Renounce Religion, Bend Time, Temporal Distortion, Slouch,
Step From Time


You were on level 2 of the Abyss.
You worshipped Cheibriados.
Cheibriados was extremely pleased with you.
You visited 3 branches of the dungeon, and saw 15 of its levels.
You visited the Abyss 1 time.

You collected 723 gold pieces.

Inventory:

Hand Weapons
 a - the +7 sling of Tenacity {drain, rC+ rCorr Dex+3}
   (You found it on level 4 of the Dungeon)

   Dex+3:     It affects your dexterity (+3).
   rC+:       It protects you from cold.
   rCorr:     It protects you from acid and corrosion.
 b - a +0 scimitar of flaming (weapon)
 y - a +0 arbalest
 O - a +2 dagger of draining
Missiles
 f - 13 poisoned darts
Armour
 d - a +0 cloak (worn)
 n - a +2 pair of boots (worn)
 F - a +2 leather armour of cold resistance
 H - a +1 pair of gloves (worn)
 M - a +2 leather armour of fire resistance (worn)
 S - a +0 troll leather armour
Jewellery
 e - an amulet of guardian spirit (around neck)
 C - a +5 ring of evasion (right hand)
 D - a ring of resist corrosion
 G - a +4 ring of slaying (left hand)
 J - a ring of willpower
 N - a ring of positive energy
 Q - the ring "Tianuva" {Ice rElec rPois Dex-3 Stlth+}
   (You found it on level 12 of the Dungeon)

   [ring of ice]

   Ice:       It enhances your ice magic.
   Dex-3:     It affects your dexterity (-3).
   rF-:       It makes you vulnerable to fire.
   rC+:       It protects you from cold.
   rElec:     It insulates you from electricity.
   rPois:     It protects you from poison.
   Stlth+:    It makes you more stealthy.
Wands
 m - a wand of quicksilver (11)
 E - a wand of warping (16)
 K - a wand of polymorph (13)
 R - a wand of mindburst (4)
Scrolls
 g - a scroll of torment
 p - a scroll of immolation
 r - 2 scrolls of poison
 s - a scroll of amnesia
 x - a scroll of vulnerability {unknown}
 z - a scroll of blinking {unknown}
 A - 4 scrolls of revelation
 I - a scroll of fear {unknown}
 L - a scroll of noise {unknown}
Potions
 i - 2 potions of might
 j - 2 potions of mutation
 l - a potion of magic
 q - a potion of degeneration
 t - 2 potions of invisibility
 u - a potion of heal wounds {unknown}
 v - 5 potions of brilliance
 B - a potion of enlightenment {unknown}
 P - a potion of berserk rage {unknown}


   Skills:
 - Level 5.0 Fighting
 - Level 1.8(8.6) Short Blades
 + Level 13.1 Long Blades
 - Level 12.0 Ranged Weapons
 - Level 5.0 Dodging
 - Level 5.0 Stealth
 - Level 2.1 Spellcasting
 - Level 3.0 Conjurations
 - Level 4.0 Necromancy
 - Level 3.0 Ice Magic
 - Level 2.4 Air Magic
 - Level 10.0 Invocations


You had 4 spell levels left.
You knew the following spells:

 Your Spells              Type           Power      Damage    Failure   Level
a - Fugue of the Fallen   Necr           23%        N/A       7%          3
b - Ozocubu's Armour      Ice            18%        N/A       10%         3
c - Shock                 Conj/Air       64%        1d7       3%          1
d - Static Discharge      Conj/Air       32%        3-5/arc   5%          2
e - Passwall              Erth           2%         N/A       34%         3

Your spell library contained the following spells:

 Spells                   Type           Power      Damage    Failure   Level
 Necrotise                Necr           92%        1d8       2%          1
 Sting                    Conj/Alch      40%        1d5       6%          1
 Apportation              Tloc           4%         N/A       12%         1
 Sandblast                Erth           4%         2d4       12%         1
 Summon Small Mammal      Summ           8%         N/A       12%         1
 Stone Arrow              Conj/Erth      20%        3d8       19%         3
 Airstrike                Air            7%         2d(2-18)  38%         4
 Anguish                  Hex/Necr       6%         N/A       45%         4
 Brom's Barrelling Bould  Conj/Erth      10%        2d3       52%         4
 Cause Fear               Hex            1%         N/A       75%         4
 Manifold Assault         Tloc           2%         N/A       75%         4
 Enfeeble                 Hex            1%         N/A       100%        7
 Malign Gateway           Summ/Tloc      1%         N/A       100%        7
 Summon Horrible Things   Summ           1%         N/A       100%        8
 Swiftness                Air            Unusable   N/A       N/A         3

Dungeon Overview and Level Annotations

Branches:
Dungeon (12/15)            Temple (1/1) D:5            Lair (2/5) D:11
    Orc (0/2) D:10
  Swamp: Lair:2-3    Shoals: Lair:2-3     Snake: Lair:2-3    Spider: Lair:2-3

Altars:
Ashenzari
Cheibriados
Dithmenos
Elyvilon
Fedhas
Gozag
Hepliaklqana
Kikubaaqudgha
Makhleb
Nemelex Xobeh
Okawaru
Qazlal
Ru
Sif Muna
Trog
Uskayaw
Vehumet
Wu Jian
Xom
Yredelemnul
Zin
The Shining One
Beogh

Shops:
D:8 *   D:12 (

Annotations:
D:5 2 transporters, ezpacito's ghost, novice CoCK
D:11 exclusions: downstairs, sensed monster (detected) and tengu warrior
D:12 4 runed translucent doors, exclusion: 2 boulder beetles
Lair:2 Sonja


Innate Abilities, Weirdness & Mutations

You cannot be hasted, slowed, berserked, paralysed or teleported.
You can dig through walls and to a lower floor.
You have a pair of large antennae on your head. (SInv)
Your four strong arms can wield two-handed weapons with a shield.


Message History

The sling bullet hits the starcursed mass!
Fire: a) +7 sling of Tenacity {drain, rC+ rCorr Dex+3}
Press: ? - help, Q - select action, (/) - cycle Shift-Dir - straight line, f/p - starcursed mass
Aim: a starcursed mass (severely damaged, 98% to hit)
You shoot a sling bullet.
The sling bullet hits the starcursed mass but does no damage.
The starcursed mass shrieks in your mind.
* * * LOW HITPOINT WARNING * * *
Aiming: Warp Space
Press: ? - help, Shift-Dir - straight line, f/p - starcursed mass
Aim: a starcursed mass (severely damaged) Space twists violently!
The rupture engulfs the starcursed mass!
The starcursed mass blinks!
You hear a roar!
A starcursed mass splits.
Your +0 scimitar of flaming bursts into flame!
b - a +0 scimitar of flaming (weapon)
You hit the starcursed mass. You burn the starcursed mass.
The starcursed mass shudders and is absorbed by its neighbour.
A raiju comes into view.
A starcursed mass splits.
The starcursed mass misses you.
A starcursed mass splits.
An efreet comes into view.
It is wielding a +1 scimitar of flaming.
You hit the starcursed mass. You burn the starcursed mass.
The starcursed mass shudders and is absorbed by its neighbour.
A starcursed mass splits.
A chorus of shrieks assaults your mind.
* * * LOW HITPOINT WARNING * * *
Okay, then.
You feel better.
A starcursed mass splits.
A chorus of shrieks assaults your mind.
* * * LOW HITPOINT WARNING * * *
The starcursed mass touches you!
* * * LOW HITPOINT WARNING * * *
It was a potion of attraction.
You feel attractive to monsters. A chorus of shrieks assaults your mind.
You die...
Cheibriados appreciates the motionlessness of death. , ###☼############ ...○R.h.@XXXX.# # #############.# . , .

You could see 4 starcursed masses, an efreet and a raiju.

Vanquished Creatures
  A tentacled starspawn (Abyss:2)
  A lorocyproca (Abyss:2)
  A green death (Abyss:2)
  Josephine (D:11)
  A hydra (D:12)
  3 two-headed ogres
  Urug (D:11)
  2 thrashing horrors (Abyss:2)
  A sixfirhy (Abyss:2)
  A deep elf pyromancer (D:12)
  A starcursed mass (Abyss:2)
  A large abomination (Abyss:2)
  4 cyclopes
  A manticore (D:12)
  An apocalypse crab (Abyss:2)
  A black mamba (Lair:1)
  A smoke demon (Abyss:2)
  2 cane toads
  A gargoyle (D:10)
  2 unseen horrors
  A komodo dragon (Lair:1)
  An efreet (D:12)
  2 ancient zymes (Abyss:2)
  Psyche (D:10)
  A tormentor (Abyss:2)
  2 trolls
  A polar bear (Lair:1)
  Grinder (D:5)
  A raiju (Abyss:2)
  3 shadows
  8 wraiths
  A vampire (D:11)
  A wyvern (D:8)
  A basilisk (Lair:1)
  A ynoxinul (Abyss:2)
  A steam dragon (D:6)
  9 yaks
  4 acid dragons
  6 water moccasins
  7 orc warriors
  3 sky beasts
  4 ogres
  A black bear (D:7)
  5 centaurs
  5 wolves (Lair:2)
  A weeping skull (D:6)
  4 kobold brigands
  7 bullfrogs
  A gnoll sergeant (D:7)
  A scorpion (D:4)
  6 small abominations (Abyss:2)
  5 wights
  2 howler monkeys (D:9)
  A crimson imp (D:4)
  3 jellies
  12 orc priests
  A hound (D:7)
  2 sleepcaps
  7 hell rats (Lair:1)
  5 iguanas
  7 orc wizards
  Ijyb (D:5)
  4 gnolls (D:7)
  7 adders
  A shadow imp (D:7)
  2 white imps
  3 dart slugs
  3 ribbon worms
  40 orcs
  2 ball pythons (D:1)
  4 bats (D:1)
  7 endoplasms
  2 giant cockroaches (D:3)
  14 goblins
  5 hobgoblins
  9 jackals
  19 kobolds
  3 quokkas
  6 frilled lizards
  A goblin skeleton (D:5)
  A goblin zombie (D:5)
  A hobgoblin zombie (D:5)
  2 kobold skeletons (D:5)
  A kobold zombie (D:5)
  2 orc skeletons (D:5)
  An orc zombie (D:5)
  4 rats
  A spectral orc (D:6)
310 creatures vanquished.

Vanquished Creatures (others)
  A small abomination (Abyss:2)
  3 starspawn tentacles (Abyss:2)
4 creatures vanquished.

Grand Total: 314 creatures vanquished

Notes
Turn   | Place    | Note
-------+----------+-------------------------------------------
     0 | D:1      | ragingrage the Formicid Air Elementalist began the quest
                  | for the Orb.
     0 | D:1      | Reached XP level 1. HP: 13/13 MP: 3/3
    26 | D:1      | Reached skill level 1 in Conjurations
   343 | D:1      | Reached XP level 2. HP: 19/19 MP: 3/5
   656 | D:1      | Reached skill level 1 in Short Blades
   829 | D:1      | Reached XP level 3. HP: 24/24 MP: 6/6
  1115 | D:1      | Learned a level 2 spell: Static Discharge
  2092 | D:2      | Reached XP level 4. HP: 30/30 MP: 7/7
  2637 | D:3      | Identified the +1 robe "Jiunoil" {Rampage rElec rN+++
                  | Int-3}
  2649 | D:3      | Reached skill level 1 in Ranged Weapons
  2688 | D:3      | Found an ornate altar of the Wu Jian Council.
  2724 | D:3      | Identified the +1 rapier of Keuweank {holy, *Corrode rPois
                  | MP+9 Dex+3}
  2802 | D:3      | Noticed an ogre
  2805 | D:3      | Killed an ogre
  2806 | D:3      | Reached XP level 5. HP: 38/38 MP: 8/8
  2948 | D:3      | Found a hazy altar of Hepliaklqana.
  3128 | D:3      | Found a white marble altar of Elyvilon.
  3354 | D:3      | Reached XP level 6. HP: 40/46 MP: 9/9
  3654 | D:3      | Reached skill level 1 in Long Blades
  3840 | D:4      | Identified the +7 sling of Tenacity {drain, rC+ rCorr
                  | Dex+3}
  3901 | D:4      | Reached skill level 2 in Long Blades
  3942 | D:4      | Found a blossoming altar of Fedhas.
  4135 | D:4      | Noticed an ogre
  4139 | D:4      | Killed an ogre
  4140 | D:4      | Reached skill level 3 in Long Blades
  4140 | D:4      | Reached XP level 7. HP: 54/54 MP: 10/10
  4237 | D:5      | Entered Level 5 of the Dungeon
  4321 | D:5      | Found a stormy altar of Qazlal.
  4404 | D:5      | Found a glowing golden altar of the Shining One.
  4499 | D:5      | Found a transporter.
  4509 | D:5      | Noticed a water moccasin
  4516 | D:5      | Noticed ezpacito's ghost (novice CoCK)
  4519 | D:5      | Found a transporter.
  4528 | D:5      | Found a staircase to the Ecumenical Temple.
  4537 | Temple   | Entered the Ecumenical Temple
  4552 | Temple   | Became a worshipper of Cheibriados the Contemplative
  4572 | D:5      | Noticed Ijyb
  4617 | D:5      | Reached XP level 8. HP: 54/60 MP: 11/11
  4682 | D:5      | Noticed Grinder
  4699 | D:5      | Killed Grinder
  4700 | D:5      | Reached skill level 4 in Long Blades
  5164 | D:6      | Found a radiant altar of Vehumet.
  5197 | D:6      | Reached skill level 5 in Long Blades
  5197 | D:6      | Reached skill level 5 in Ranged Weapons
  5433 | D:6      | Learned a level 3 spell: Fugue of the Fallen
  5437 | D:6      | Learned a level 3 spell: Ozocubu's Armour
  5453 | D:6      | Found an iron altar of Okawaru.
  5561 | D:6      | Found a basalt altar of Yredelemnul.
  5617 | D:6      | Reached XP level 9. HP: 65/65 MP: 12/12
  5674 | D:6      | Reached skill level 1 in Necromancy
  5674 | D:6      | Reached skill level 1 in Ice Magic
  5902 | D:6      | Reached skill level 6 in Long Blades
  5982 | D:7      | Reached * piety under Cheibriados
  6057 | D:7      | Reached skill level 7 in Long Blades
  6575 | D:7      | Found a sparkling altar of Nemelex Xobeh.
  6770 | D:7      | Reached ** piety under Cheibriados
  6947 | D:8      | Found an opulent altar of Gozag.
  7018 | D:8      | Found Gozag's Platinum Reserve.
  7123 | D:7      | Reached XP level 10. HP: 47/71 MP: 13/13
  7311 | D:8      | Reached skill level 5 in Stealth
  7371 | D:8      | Found a shadowy altar of Dithmenos.
  7380 | D:8      | Reached skill level 5 in Fighting
  7594 | D:9      | Reached *** piety under Cheibriados
  7684 | D:9      | Reached skill level 8 in Long Blades
  7695 | D:9      | HP: 3/100 [wight/+3 trident (3)]
  8472 | D:10     | Entered Level 10 of the Dungeon
  8774 | D:10     | Noticed Psyche
  8911 | D:10     | Reached skill level 5 in Dodging
  8914 | D:10     | Reached **** piety under Cheibriados
  9001 | D:10     | Reached XP level 11. HP: 74/79 MP: 14/14
  9036 | D:10     | Found a staircase to the Orcish Mines.
  9414 | D:10     | Learned a level 3 spell: Passwall
  9464 | D:10     | Killed Psyche
  9465 | D:10     | Reached skill level 10 in Ranged Weapons
  9606 | D:11     | Noticed a cyclops
  9611 | D:11     | Killed a cyclops
  9663 | D:11     | Noticed a tengu warrior
  9729 | D:11     | Noticed Urug
  9747 | D:11     | Noticed Josephine
  9747 | D:11     | Noticed a cyclops
  9750 | D:11     | Killed Urug
  9754 | D:11     | Killed a cyclops
  9759 | D:11     | Killed Josephine
  9973 | D:11     | Found a staircase to the Lair.
 10026 | D:11     | Noticed a two-headed ogre
 10031 | D:11     | Killed a two-headed ogre
 10032 | D:11     | Reached skill level 5 in Invocations
 10376 | D:4      | Found a shimmering altar of Xom.
 10376 | D:4      | Found a burning altar of Makhleb.
 10773 | D:5      | Killed Ijyb
 10773 | D:5      | Reached ***** piety under Cheibriados
 10942 | D:10     | Found a roughly hewn altar of Beogh.
 11104 | D:12     | Found a large runed translucent door.
 11106 | D:12     | Found a large runed translucent door.
 11113 | D:12     | Noticed a manticore
 11113 | D:12     | Noticed a deep elf archer
 11116 | D:12     | Noticed a cyclops
 11119 | D:12     | Noticed a seven-headed hydra
 11123 | D:12     | Killed a cyclops
 11124 | D:12     | Killed a seven-headed hydra
 11125 | D:12     | Reached XP level 12. HP: 86/86 MP: 15/17
 11142 | D:12     | Found a large runed translucent door.
 11142 | D:12     | Found a large runed translucent door.
 11234 | D:12     | Noticed a two-headed ogre
 11241 | D:12     | Killed a two-headed ogre
 11359 | D:12     | Identified the ring "Tianuva" {Ice rElec rPois Dex-3
                  | Stlth+}
 11375 | D:12     | Noticed a boulder beetle
 11406 | D:12     | Noticed a boulder beetle
 11502 | D:12     | Reached skill level 9 in Long Blades
 11622 | D:12     | Found Revuonypt's Antique Weapon Emporium.
 11840 | D:12     | Noticed a two-headed ogre
 11850 | D:12     | Killed a two-headed ogre
 11852 | D:12     | Noticed a skeletal warrior
 12081 | Lair:1   | Entered Level 1 of the Lair of Beasts
 12643 | Lair:1   | Reached skill level 10 in Invocations
 12844 | Lair:1   | Reached skill level 10 in Long Blades
 13044 | Lair:2   | Noticed Sonja
 13090 | Abyss:2  | Cast into level 2 of the Abyss (Sonja)
 13169 | Abyss:2  | Noticed a green death
 13179 | Abyss:2  | Killed a green death
 13238 | Abyss:2  | Reached XP level 13. HP: 68/91 MP: 15/20
 13445 | Abyss:2  | Reached skill level 11 in Long Blades
 13622 | Abyss:2  | Noticed a tentacled starspawn
 13637 | Abyss:2  | Noticed a lorocyproca
 13644 | Abyss:2  | Killed a lorocyproca
 13645 | Abyss:2  | Reached skill level 12 in Long Blades
 13672 | Abyss:2  | Reached ****** piety under Cheibriados
 13680 | Abyss:2  | Noticed a starcursed mass
 13855 | Abyss:2  | Noticed a tentacled starspawn
 13861 | Abyss:2  | Noticed a starcursed mass
 13863 | Abyss:2  | Killed a tentacled starspawn
 13864 | Abyss:2  | Reached skill level 13 in Long Blades
 13882 | Abyss:2  | Noticed a starcursed mass
 13907 | Abyss:2  | HP: 3/91 [starcursed mass (8)]
 13908 | Abyss:2  | Killed from afar by a starcursed mass

Illustrated notes

Levels and vault maps discovered:
D:1:      grunt_arrival_lava_bath, layout_basic
D:2:      layout_basic, grunt_decor_junction
D:3:      layout_basic, mainiacjoe_overflow_boulevard, general_overflow_altar,
          lemuel_crystal_altar
D:4:      layout_basic, grunt_temple_overflow_champion_of_chaos, fedhas_altar_4
D:5:      layout_loops_ring, nicolae_tso_besieged_by_evil,
          nicolae_qazlal_beasts_of_the_sky, minmay_temple_entry_mini_moons,
          gammafunk_ghost_arena, uniq_grinder, uniq_ijyb
D:6:      layout_rooms, yredelemnul_forgotten_temple_becter,
          mainiacjoe_overflow_alcove_4, nicolae_overflow_crystal_walls
D:7:      layout_basic, nemelex_dance_club_becter
D:8:      layout_rooms, nicolae_dithmenos_the_darkroom,
          nicolae_gozag_zags_fifth_avenue
D:9:      layout_cave_pods
D:10:     layout_stronghold, minmay_orc_entry_temple_small, nicolae_tricolors,
          uniq_psyche
D:11:     layout_basic, lair_entry_dummy, uniq_urug, uniq_josephine
D:12:     layout_loops_ring, serial_shops, shop, minmay_hollow_rounded_squares
Temple:   nicolae_temple_godpark
Lair:1:   layout_roguey
Lair:2:   layout_roguey, minmay_holes, uniq_sonja
Abyss:2:  base: D:7, evilmike_abyss_exit_kraken

Skill      XL: |  1  2  3  4  5  6  7  8  9 10 11 12 13 |
---------------+----------------------------------------+-----
Conjurations   | 1 2 3 |  3.0
Short Blades   | 1 |  1.8
Ranged Weapons | 2 4 5 7 9 12 | 12.0
Fighting       | 2 4 5 |  5.0
Long Blades    | 3 5 7 8 10 13 | 13.1
Stealth        | 4 5 |  5.0
Necromancy     | 2 4 |  4.0
Ice Magic      | 2 3 |  3.0
Dodging        | 5 |  5.0
Invocations    | 7 10 | 10.0
Spellcasting   | |  2.1
Air Magic      | |  2.4

Action                     |  1- 3 |  4- 6 |  7- 9 | 10-12 | 13-15 || total
---------------------------+-------+-------+-------+-------+-------++-------
  Melee: Dagger            |    57 |       |       |     2 |       ||    59
         Scimitar          |       |       |       |     7 |    46 ||    53
   Fire: Arbalest          |     7 |    78 |       |       |       ||    85
         Sling             |       |    18 |   232 |   475 |    68 ||   793
  Throw: Dart              |       |       |       |     2 |       ||     2
   Cast: Shock             |    52 |       |       |       |       ||    52
         Passwall          |       |       |       |     2 |       ||     2
         Ozocubu's Armour  |       |       |       |     5 |       ||     5
         Fugue of the Fall |       |       |       |     4 |       ||     4
 Invoke: Step From Time    |       |       |       |       |     1 ||     1
Ability: Dig               |       |       |     1 |     1 |       ||     2
  Evoke: Wand              |       |     2 |       |    10 |     8 ||    20
    Use: Scroll            |       |       |    10 |     6 |       ||    16
         Potion            |       |       |       |     5 |     6 ||    11
   Stab: Sleeping          |     4 |       |       |     2 |       ||     6
         Distracted        |       |       |       |       |     1 ||     1
 Armour: Robe              |    36 |    40 |    51 |       |       ||   127
         Leather armour    |       |       |     6 |    82 |    39 ||   127
         Skin              |       |       |       |    11 |       ||    11
  Dodge: Dodged            |    62 |    37 |    49 |   184 |    84 ||   416

Table legend: (Time is in decaauts)
 A = Elapsed time spent in this place.
 B = Non-inter-level travel time spent in this place.
 C = Inter-level travel time spent in this place.
 D = Time resting spent in this place.
 E = Time spent auto-exploring this place.
 F = Levels seen in this place.
 G = Mean time per level.
                   A        B        C        D        E       F      G
               +--------+--------+--------+--------+--------+-----+--------+
         Total |  17806 |  16189 |   1617 |   1801 |  11530 |  16 | 1112.9 |
       Dungeon |  15153 |  13634 |   1519 |   1340 |  10305 |  12 | 1262.8 |
        Temple |     34 |      2 |     32 |      0 |      0 |   1 |   34.0 |
          Lair |   1566 |   1501 |     65 |     92 |   1225 |   2 |  783.0 |
         Abyss |   1051 |   1051 |      0 |    368 |      0 |   1 | 1051.0 |
               +--------+--------+--------+--------+--------+-----+--------+

Top non-repeatable levels by time:
    D:10: 1845 daAuts
     D:1: 1552 daAuts
     D:7: 1473 daAuts
  Lair:1: 1384 daAuts
     D:9: 1341 daAuts
    D:12: 1309 daAuts
     D:3: 1224 daAuts
     D:2: 1204 daAuts
    D:11: 1198 daAuts
     D:5: 1155 daAuts
     D:6: 1085 daAuts
 Abyss:2: 1051 daAuts
     D:4: 993 daAuts
     D:8: 769 daAuts
  Lair:2: 182 daAuts
